 Dungeon Crawl Stone Soup version 0.30.0-17-ge0270778cf (webtiles) character file.

Game seed: 5554722218489176336

12 fleet the Grasshopper (level 2, -4/27 HPs)
             Began as a Naga Warper on May 21, 2023.
             Slain by a quokka (5 damage)
             ... on level 1 of the Dungeon.
             The game lasted 00:01:05 (219 turns).

fleet the Grasshopper (Naga Warper)                  Turns: 219, Time: 00:01:06

Health: -4/27      AC:  2    Str: 13    XL:     2   Next: 33%
Magic:  5/5        EV:  9    Int: 13    God:
Gold:   32         SH:  0    Dex: 10    Spells: 5/5 levels left

rFire   . . .        a - +0 spear
rCold   . . .        (no shield)
rNeg    . . .        b - +0 leather armour
rPois   +            (no helmet)
rElec   .            (no cloak)
rCorr   .            (no gloves)
SInv    +            (no barding)
Will    .....        (no amulet)
Stlth   +            (no ring)
HPRegen 0.24/turn    (no ring)
MPRegen 0.09/turn

%: no passive effects
@: very slow
A: AC +0, large, see invisible, deformed body, poison resistance, slowness 2,
spit poison 1, naga tail 1
a: Spit Poison


You were on level 1 of the Dungeon.
You visited 1 branch of the dungeon, and saw 1 of its levels.

You collected 32 gold pieces.

Inventory:

Hand Weapons
 a - a +0 spear (weapon)
Missiles
 d - 7 boomerangs of dispersal (quivered)
Armour
 b - a +0 leather armour (worn)
Scrolls
 c - a scroll of blinking
Potions
 e - a potion of invisibility {unknown}
 f - a potion of curing {unknown}


   Skills:
 + Level 2.4 Fighting
 + Level 2.4 Polearms
 - Level 0.8 Throwing
 - Level 0.7 Armour
 - Level 1.5 Dodging
 - Level 2.0 Spellcasting
 - Level 3.0 Translocations


You had 5 spell levels left.
You didn't know any spells.
Your spell library contained the following spells:

 Spells                   Type           Power      Damage    Failure   Level
 Blink                    Tloc           18%        N/A       14%         2
 Lesser Beckoning         Tloc           18%        N/A       14%         2
 Teleport Other           Tloc           9%         N/A       28%         3
 Vhi's Electric Charge    Tloc/Air       10%        N/A       45%         3
 Manifold Assault         Tloc           9%         N/A       67%         4


Dungeon Overview and Level Annotations

Branches:
Dungeon (1/15)

Altars:


Innate Abilities, Weirdness & Mutations

Your serpentine skin is tough. (AC +0)
You have supernaturally acute eyesight. (SInv)
Armour fits poorly on your strangely shaped body.
Your system is resistant to poisons. (rPois)
You cover ground very slowly.
You can spit poison.
You have a snake-like lower body.


Message History

You closely miss the kobold.
The kobold hits you with a +1 dagger of venom.
The quokka bites you.
A giant cockroach comes into view.
You hit the kobold.
You kill the kobold!
The quokka bites you.
You hit the quokka but do no damage. The quokka bites you.
You closely miss the quokka. The quokka bites you.
You hit the quokka.
The quokka is moderately wounded.
The quokka bites you but does no damage.
The rat bites you but does no damage. The quokka barely misses you.
You barely miss the quokka.
The quokka is moderately wounded.
The quokka bites you. The rat barely misses you.
You closely miss the quokka.
The quokka is moderately wounded.
The quokka bites you. The rat barely misses you.
You are too injured to fight recklessly!
You are too injured to fight recklessly!
You are too injured to fight recklessly!
You are too injured to fight recklessly!
The quokka attacks as you move away! The quokka bites you.
The rat attacks as you move away! The rat bites you but does no damage.
The quokka bites you. The rat barely misses you.
The quokka attacks as you move away! The quokka bites you.
* * * LOW HITPOINT WARNING * * *
The quokka bites you.
* * * LOW HITPOINT WARNING * * *
The quokka attacks as you move away! The quokka bites you.
* * * LOW HITPOINT WARNING * * *
The quokka bites you.
* * * LOW HITPOINT WARNING * * *
You are too injured to fight recklessly!
You completely miss the quokka.
The quokka is moderately wounded.
The rat closely misses you. The quokka bites you.
You die...

#.......# #......##
#.......# ##)......#
#......$.. #...##....
#####...# ##...###
#...rrB.# #....... ##
#...@.########....^##
#... #.....#
#...##.....## #...
#.....# #...##..... #
#... #.....#
#..........## #...
#.....# ##.....#####.
#...##.....# #.....###
#.
#..........####.......#
#.
###...................#
#.
#....###......###...###.


You could see a quokka, a giant cockroach and a rat.

Vanquished Creatures
  2 dart slugs (D:1)
  An endoplasm (D:1)
  2 goblins (D:1)
  2 kobolds (D:1)
7 creatures vanquished.

Notes
Turn   | Place    | Note
-------+----------+-------------------------------------------
     0 | D:1      | fleet the Naga Warper began the quest for the Orb.
     0 | D:1      | Reached XP level 1. HP: 19/19 MP: 3/3
    79 | D:1      | Reached XP level 2. HP: 20/26 MP: 5/5
   218 | D:1      | HP: 1/27 [quokka (2)]
   219 | D:1      | Slain by a quokka

Illustrated notes

Levels and vault maps discovered:
D:1:      minmay_arrival_glassed_features, layout_basic

Action                     || total
---------------------------++-------
  Melee: Spear             ||    36
 Armour: Leather armour    ||     3
  Dodge: Dodged            ||    12
